 Dungeon Crawl Stone Soup version 0.30-a0-639-g3916f1956a (webtiles) character file.

Game seed: 5990077209526455700

1200 acebull12 the Shield-Bearer (level 8, -5/61 HPs)
             Began as a Formicid Fighter on Jan 17, 2023.
             Slain by an orc warrior
             ... wielding a +0 war axe
              (11 damage)
             ... on level 6 of the Dungeon.
             The game lasted 00:10:49 (4769 turns).

acebull12 the Shield-Bearer (Formicid Fighter)      Turns: 4769, Time: 00:10:50

Health: -5/61      AC:  7    Str: 24    XL:     8   Next: 72%
Magic:  8/8        EV:  9    Int:  7    God:
Gold:   256        SH: 11    Dex: 13    Spells: 7/7 levels left

rFire   . . .      SeeInvis +    a - +0 war axe
rCold   . . .      Faith    .    c - +0 buckler
rNeg    . . .      Spirit   .    b - +0 scale mail
rPois   .          Reflect  +    (helmet unavailable)
rElec   .          Harm     .    (no cloak)
rCorr   .          Rampage  .    (no gloves)
Will    .....                    (no boots) Stlth
                                 n - amulet of reflection
HPRegen 0.30/turn                (no ring)
MPRegen 0.11/turn                (no ring)

@: no status effects
A: permanent stasis, dig shafts and tunnels, antennae 3, four strong arms
a: Dig, Shaft Self


You were on level 6 of the Dungeon.
You visited 1 branch of the dungeon, and saw 8 of its levels.

You collected 256 gold pieces.

Inventory:

Hand Weapons
 a - a +0 war axe (weapon)
Missiles
 q - 73 stones
 r - 9 poisoned darts
Armour
 b - a +0 scale mail (worn)
 c - a +0 buckler (worn)
Jewellery
 e - a +6 ring of intelligence
 g - an amulet of the acrobat
 n - an amulet of reflection (around neck)
 s - a +6 ring of dexterity
Wands
 u - a wand of flame (31)
 y - a wand of acid (6)
Scrolls
 i - 3 scrolls of poison {unknown}
 j - 5 scrolls of noise {unknown}
 k - a scroll of silence {unknown}
 l - a scroll of blinking {unknown}
 m - a scroll of teleportation {unknown}
 o - 3 scrolls of identify {unknown}
 t - a scroll of fog {unknown}
 v - a scroll of enchant weapon {unknown}
 w - 2 scrolls of immolation {unknown}
Potions
 d - a potion of might
 f - a potion of degeneration {unknown}
 h - a potion of cancellation {unknown}
 p - a potion of flight {unknown}
 x - 3 potions of mutation {unknown}
 z - a potion of lignification {unknown}
 A - a potion of curing {unknown}
 B - a potion of haste {unknown}


   Skills:
 + Level 4.9 Fighting
 + Level 5.8 Axes
 * Level 6.8 Armour
 - Level 0.1 Dodging
 + Level 0.2 Stealth
 * Level 7.6 Shields


You had 7 spell levels left.
You didn't know any spells.
Your spell library contained the following spells:

 Spells                   Type           Power      Damage    Failure   Level
 Apportation              Tloc           0%         N/A       77%         1
 Foxfire                  Conj/Fire      0%         2x1d4     77%         1
 Sandblast                Erth           0%         2d4       77%         1
 Summon Small Mammal      Summ           0%         N/A       77%         1
 Call Canine Familiar     Summ           0%         N/A       98%         3
 Summon Guardian Golem    Hex/Summ       0%         N/A       98%         3
 Vhi's Electric Charge    Tloc/Air       0%         N/A       98%         3
 Arcjolt                  Conj/Air       0%         1d10      100%        5
 Summon Forest            Summ/Tloc      0%         N/A       100%        5
 Summon Mana Viper        Hex/Summ       0%         N/A       100%        5
 Summon Cactus Giant      Summ           0%         N/A       100%        6
 Maxwell's Capacitive Co  Air            0%         ∞         100%        8


Dungeon Overview and Level Annotations

Branches:
Dungeon (8/15)
 Temple: D:4-7         Lair: D:8-11

Altars:
Kikubaaqudgha
Sif Muna

Shops:
D:1 *   D:2 :   D:3 *=[[[

Annotations:
D:2 1 runed translucent door, Crazy Yiuf


Innate Abilities, Weirdness & Mutations

You cannot be hasted, slowed, berserked, paralysed or teleported.
You can dig through walls and to a lower floor.
You have a pair of large antennae on your head. (SInv)
Your four strong arms can wield two-handed weapons with a shield.


Message History

You kill the orc!
The orc priest calls down the wrath of Beogh upon you.
Beogh smites you!
A steam dragon comes into view.
The steam dragon hisses angrily.
Things that are here:
a +0 club; 33 gold pieces; an orc corpse You closely miss the orc warrior.
The steam dragon breathes steam at you. The ball of steam hits you.
The orc priest invokes the aid of Beogh against you.
Pain shoots through your body!
You are engulfed in a cloud of scalding steam.
You block the orc warrior's attack.
The orc warrior is engulfed in a cloud of scalding steam.
You block the orc warrior's attack.
The orc priest mumbles some strange prayers to Beogh against you.
You struggle to resist.
Things that are here:
a +0 club; 33 gold pieces; an orc corpse The orc warrior hits you with a +0 war axe!
* * * LOW HITPOINT WARNING * * *
The orc warrior attacks as you move away!
You block the orc warrior's attack.
Items here: ))) [ ††.
The orc priest looks braver for a moment.
The orc warrior attacks as you move away!
The orc warrior hits you with a +0 war axe!
* * * LOW HITPOINT WARNING * * *
The orc warrior attacks as you move away!
The orc warrior barely misses you.
A hound comes into view.
Found a stone staircase leading down.
The hound barks!
You hit the orc warrior but do no damage.
The orc warrior is lightly wounded.
The orc warrior hits you but does no damage.
The orc priest looks encouraged for a moment.
The orc warrior hits you with a +0 war axe!
You die...

##......## ......>. .......
...h.# ......# #.. ..# #.#
..# # #@# ..## ..## #o##
..###### ....# #o.#
#......# ...... ##D#
#.....# ......#####)#
##..#### .....§..##..#
###..########
.......§.#..###...........#
.........).......).........
...........................


You could see a steam dragon, an orc warrior, a hound and an orc priest.

Vanquished Creatures
  Sigmund (D:2)
  Eustachio (D:4)
  3 black bears
  A gnoll sergeant (D:4)
  A scorpion (D:5)
  3 orc priests
  3 hounds
  A jelly (D:4)
  An iguana (D:6)
  An orc wizard (D:3)
  10 gnolls
  5 adders (D:2)
  A worm (D:2)
  A dart slug (D:2)
  20 orcs
  4 bats
  3 bat zombies (D:3)
  11 endoplasms
  3 giant cockroaches
  3 goblins
  8 hobgoblins
  4 jackals
  4 quokkas
  7 ball pythons
  3 frilled lizards (D:2)
  9 kobolds
  6 rats
  A rat zombie (D:3)
119 creatures vanquished.

Notes
Turn   | Place    | Note
-------+----------+-------------------------------------------
     0 | D:1      | acebull12 the Formicid Fighter began the quest for the Orb.
     0 | D:1      | Reached XP level 1. HP: 18/18 MP: 1/1
   137 | D:1      | Reached XP level 2. HP: 24/24 MP: 2/2
   190 | D:1      | Found Jahoch's Assorted Antiques.
   678 | D:2      | Reached XP level 3. HP: 29/29 MP: 3/3
   692 | D:2      | Noticed Sigmund
   880 | D:2      | Reached XP level 4. HP: 35/36 MP: 4/4
   959 | D:2      | Found Ruprax's Book Shoppe.
  1117 | D:2      | Reached XP level 5. HP: 38/42 MP: 5/5
  1201 | D:2      | Reached skill level 5 in Shields
  1307 | D:2      | Found a runed translucent door.
  1308 | D:2      | Noticed Crazy Yiuf
  1575 | D:2      | Killed Sigmund
  1576 | D:2      | Reached XP level 6. HP: 32/48 MP: 6/6
  1703 | D:3      | Found Geot's Armour Shop.
  1870 | D:3      | Found an ancient bone altar of Kikubaaqudgha.
  2085 | D:3      | Reached skill level 5 in Armour
  2158 | D:3      | Found Xylloirr's Jewellery Shoppe.
  2239 | D:3      | Reached XP level 7. HP: 42/54 MP: 7/7
  2332 | D:3      | Found Acucruib's Assorted Antiques.
  2620 | D:3      | Found Roibb's Armour Shop.
  2827 | D:3      | Found Vonefem's Antique Armour Boutique.
  3157 | D:4      | Reached skill level 6 in Shields
  3369 | D:4      | Found a shimmering blue altar of Sif Muna.
  3392 | D:4      | Got Sif Muna's Catalogue of Oxidation
  3394 | D:4      | Got Sif Muna's Discursus on the Excursion
  3397 | D:4      | Got Sif Muna's Elucidation of the Cwm
  3850 | D:4      | Noticed Eustachio
  3871 | D:4      | Killed Eustachio
  3872 | D:4      | Reached skill level 5 in Axes
  3872 | D:4      | Reached XP level 8. HP: 55/61 MP: 8/8
  4099 | D:4      | Reached skill level 7 in Shields
  4313 | D:5      | Entered Level 5 of the Dungeon
  4415 | D:5      | You fall into a shaft and drop 3 floors!
  4769 | D:6      | Slain by an orc warrior

Illustrated notes

Levels and vault maps discovered:
D:1:      matt_arrival_spirals, layout_rooms, serial_shops, nicolae_square_shop
D:2:      minmay_razor_zed, layout_rooms, serial_shops,
          nicolae_shop_hallway_stairs, grunt_ministairs_3, uniq_sigmund,
          uniq_crazy_yiuf_cottage
D:3:      layout_basic, lemuel_zombie_altar_kikubaaqudgha, serial_shops,
          nicolae_shop_stone, nicolae_shop_trees, nicolae_shop_crystal, shop,
          nicolae_lakefront_shop
D:4:      layout_cave_pools, nicolae_sif_muna_little_library, uniq_eustachio
D:5:      layout_loops_cross, grunt_temple_overflow_open, ebering_ghost_sewer_d,
          grunt_ministairs_14, uniq_menkaure, uniq_duvessa
D:6:      layout_layer_cave, minmay_temple_entry_wispy, serial_shops,
          kennysheep_mini_moat, dreamdust_wishing_well
D:7:      layout_basic, kb_lookout_dungeons_type, minmay_misc_feat_four_crosses,
          minmay_misc_feat_plants
D:8:      layout_loops_cross

Skill      XL: |  1  2  3  4  5  6  7  8 |
---------------+-------------------------+-----
Axes           | 3 4 5 |  5.8
Armour         | 4 5 6 |  6.8
Shields        | 5 6 7 |  7.6
Fighting       | 4 |  4.9
Dodging        | |  0.1
Stealth        | |  0.2

Action                   |  1- 3 |  4- 6 |  7- 9 || total
-------------------------+-------+-------+-------++-------
Melee: War axe           |    56 |   123 |   170 ||   349
 Abil: Dig               |       |       |     1 ||     1
Armor: Scale mail        |    25 |    65 |    44 ||   134
Dodge: Dodged            |    24 |    59 |    90 ||   173
Block: Buckler           |    16 |    76 |   129 ||   221
       Reflection        |       |     2 |     1 ||     3

Table legend: (Time is in decaauts)
 A = Elapsed time spent in this place.
 B = Non-inter-level travel time spent in this place.
 C = Inter-level travel time spent in this place.
 D = Time resting spent in this place.
 E = Time spent auto-exploring this place.
 F = Levels seen in this place.
 G = Mean time per level.
                   A        B        C        D        E       F      G
               +--------+--------+--------+--------+--------+-----+--------+
         Total |   4884 |   4356 |    528 |    629 |   2531 |   8 |  610.5 |
       Dungeon |   4884 |   4356 |    528 |    629 |   2531 |   8 |  610.5 |
               +--------+--------+--------+--------+--------+-----+--------+

Top non-repeatable levels by time:
     D:3: 1614 daAuts
     D:2: 1113 daAuts
     D:4: 1004 daAuts
     D:1: 726 daAuts
     D:6: 215 daAuts
     D:8: 130 daAuts
     D:5: 61 daAuts
     D:7: 17 daAuts
